[Event "Charlotte Spring IM-B 2024"]
[Site "Charlotte"]
[Date "2024.03.28"]
[Round "3.5"]
[White "Nandhakumar, Vaseegaran"]
[Black "Becerra Rivero, Julio"]
[Result "1/2-1/2"]
[ECO "A39"]
[WhiteElo "2251"]
[BlackElo "2411"]
[Annotator "TA"]
[PlyCount "24"]
[EventDate "2024.03.27"]
[EventType "tourn"]
[EventCountry "USA"]
[SourceTitle "playchess.com"]
[Source "ChessBase"]
[SourceQuality "1"]
[TimeControl "5400+30"]

1. Nf3 g6 2. g3 Bg7 3. d4 c5 4. Bg2 cxd4 5. Nxd4 Nf6 6. c4 O-O 7. O-O Nc6 8. Nc3 Ng4 9. e3 Nge5 10. b3 d6 11. Bb2 Bg4 12. f3 Bd7 {[%emt 0:00:19] Weighted Error Value: White=0.00 (flawless) /Black=0.05 (flawless) .  OK:         	White=1     	Black=1} 1/2-1/2

[Event "Charlotte Spring IM-B 2024"]
[Site "Charlotte"]
[Date "2024.03.29"]
[Round "4.1"]
[White "Diaz Charpentier, Kristel Meliss"]
[Black "Becerra Rivero, Julio"]
[Result "1/2-1/2"]
[ECO "A21"]
[WhiteElo "1990"]
[BlackElo "2411"]
[Annotator "RC"]
[PlyCount "84"]
[EventDate "2024.03.27"]
[EventType "tourn"]
[EventCountry "USA"]
[SourceTitle "playchess.com"]
[Source "ChessBase"]
[SourceQuality "1"]
[TimeControl "5400+30"]

1. d4 d6 2. c4 e5 3. Nc3 exd4 4. Qxd4 Nc6 5. Qd2 g6 6. b3 Bg7 7. Bb2 Nf6 8. g3 O-O 9. Bg2 Re8 10. Nh3 Bxh3 11. Bxh3 Ne4 12. Nxe4 Rxe4 13. Bg2 Re8 14. Bxg7 Kxg7 15. O-O a5 16. Rfd1 Qf6 17. Rac1 Re5 18. e3 h5 19. Qc3 Rae8 20. a3 h4 21. b4 axb4 22. axb4 hxg3 23. hxg3 Nd8 24. Rd3 b6 25. f4 R5e7 26. Qxf6+ Kxf6 27. Kf2 Ne6 28. Ra1 Rb8 29. Ra8 Rxa8 30. Bxa8 Re8 31. Ra3 Rb8 32. b5 Re8 33. Bc6 Re7 34. Kf3 Nc5 35. e4 Kg7 36. Re3 g5 37. Ra3 Nxe4 38. Bxe4 g4+ 39. Kxg4 Rxe4 40. Rc3 Kf6 41. Kf3 Re1 42. g4 Kg6 1/2-1/2

[Event "Charlotte Spring IM-B 2024"]
[Site "Charlotte"]
[Date "2024.03.29"]
[Round "4.2"]
[White "Narayanan, Samrug"]
[Black "Nandhakumar, Vaseegaran"]
[Result "1/2-1/2"]
[ECO "B06"]
[WhiteElo "2343"]
[BlackElo "2251"]
[Annotator "RC"]
[PlyCount "161"]
[EventDate "2024.03.27"]
[EventType "tourn"]
[EventCountry "USA"]
[SourceTitle "playchess.com"]
[Source "ChessBase"]
[SourceQuality "1"]
[TimeControl "5400+30"]

1. e4 c5 2. Nf3 g6 3. c3 d5 4. exd5 Qxd5 5. d4 Bg7 6. Nbd2 cxd4 7. Bc4 Qd8 8. Nxd4 Nh6 9. O-O O-O 10. N2f3 Nf5 11. Nxf5 Bxf5 12. Nd4 Bd7 13. Bg5 h6 14. Be3 Qc8 15. Qe2 Nc6 16. Rad1 Ne5 17. Bb3 a5 18. Bxh6 Bxh6 19. Qxe5 a4 20. Bd5 e6 21. Bf3 Bg7 22. Qe3 Qc7 23. Rd2 Bc6 24. Bxc6 bxc6 25. Rfd1 Rab8 26. Qe4 c5 27. Ne2 Qa5 28. a3 Rb5 29. Nf4 Rfb8 30. Nxe6 fxe6 31. Qxe6+ Kh7 32. Rd6 c4 33. Ra6 R5b6 34. Qh3+ Qh5 35. Qxh5+ gxh5 36. Rxa4 Rxb2 37. Rxc4 Rb1 38. Rf1 R1b3 39. a4 Rxc3 40. Rh4 Rc5 41. g3 Rb2 42. Rf4 Be5 43. Re4 Kg6 44. Rfe1 Bf6 45. Rf4 Rf5 46. Rxf5 Kxf5 47. Re3 Ra2 48. Rf3+ Kg6 49. Kg2 Rxa4 50. h3 Ra5 51. Rd3 Ra2 52. Rf3 Bd4 53. Rf4 Bc5 54. Rf3 Be7 55. Kf1 Bf6 56. Kg2 Kf7 57. Kf1 Rb2 58. Kg2 Kg6 59. Kf1 h4 60. g4 Rb5 61. Kg2 Rb4 62. Kf1 Be5 63. Kg2 Bf4 64. Ra3 Rd4 65. Ra5 Rd2 66. Rf5 Bg5 67. Rf3 Rd4 68. Rf5 Ra4 69. Kf3 Be7 70. Kg2 Bd6 71. Rd5 Bf8 72. Rf5 Kg7 73. Kf3 Ra3+ 74. Kg2 Be7 75. Kh2 Ra2 76. Kg2 Rc2 77. Kf1 Bd8 78. Kg2 Rc1 79. Rd5 Bc7 80. Rf5 Kg6 81. Rf3 1/2-1/2

[Event "Charlotte Spring IM-B 2024"]
[Site "Charlotte"]
[Date "2024.03.29"]
[Round "4.3"]
[White "Castillo Coca, Mairebis"]
[Black "Chirilov, James A"]
[Result "1/2-1/2"]
[ECO "D00"]
[WhiteElo "2043"]
[BlackElo "2082"]
[Annotator "NA RC"]
[PlyCount "101"]
[EventDate "2024.03.27"]
[EventType "tourn"]
[EventCountry "USA"]
[SourceTitle "playchess.com"]
[Source "ChessBase"]
[SourceQuality "1"]
[TimeControl "5400+30"]

1. d4 Nf6 2. Nc3 d5 3. Bf4 g6 4. e3 Bg7 5. h4 h5 6. Nf3 O-O 7. Be2 c5 8. Nb5 Na6 9. c3 Bf5 10. Ne5 Nb8 $14 11. dxc5 Nbd7 12. Nd4 Bg4 13. f3 Nxe5 14. Bxe5 Bd7 15. Qb3 Qc8 16. O-O-O Bh6 17. Bf4 Bxf4 18. exf4 Qxc5 19. g4 hxg4 20. fxg4 Nxg4 21. Rhg1 f5 22. Bf3 Kg7 23. h5 gxh5 24. Qxb7 Qd6 25. Kb1 Kh6 26. Qxd5 Qxd5 27. Bxd5 Ne3 28. Bxa8 Nxd1 29. Bf3 Nf2 30. Re1 Rf7 31. Bd5 Rg7 32. Be6 Nd3 33. Nxf5+ Kh7 34. Rh1 Bxe6 35. Rxh5+ Kg8 36. Nxg7 Kxg7 37. Ra5 Nxf4 38. Rxa7 Kf6 39. a4 Bf5+ 40. Kc1 Nd3+ 41. Kc2 e5 42. Ra8 e4 43. a5 Kg5 44. Rf8 Nc5 45. b4 Ne6 46. Rxf5+ Kxf5 47. a6 Nc7 48. a7 Ke5 49. Kd2 Na8 50. Ke2 Kd5 51. Ke3 1/2-1/2

[Event "Charlotte Spring IM-B 2024"]
[Site "Charlotte"]
[Date "2024.03.29"]
[Round "4.4"]
[White "Bregadze, Levan"]
[Black "Jiang, Andrew"]
[Result "1-0"]
[ECO "D35"]
[WhiteElo "2435"]
[BlackElo "2181"]
[Annotator "TA"]
[PlyCount "59"]
[EventDate "2024.03.27"]
[EventType "tourn"]
[EventCountry "USA"]
[SourceTitle "playchess.com"]
[Source "ChessBase"]
[SourceQuality "1"]
[TimeControl "5400+30"]

1. d4 d5 2. c4 e6 3. Nc3 Nf6 4. cxd5 exd5 5. Bg5 Bb4 6. Rc1 h6 7. Bh4 g5 8. Bg3 {[%emt 0:00:35] The position is equal.} Ne4 9. Qb3 (9. e3 $11) 9... Bxc3+ (9... c5 $15 10. e3 Nc6) 10. bxc3 $11 h5 11. e3 (11. f3 $14 Nxg3 12. hxg3) 11... h4 12. Be5 f6 13. f3 fxe5 (13... Nc5 $1 $11 14. dxc5 fxe5) 14. fxe4 $16 dxe4 15. Bc4 {[%emt 0:03:45] White is more active.} (15. dxe5 Qe7 16. Qd5 Nd7 17. Qxe4 Nxe5 $17 (17... Qxe5 18. Qg6+ Kd8 19. Nf3 $15)) 15... Qe7 {[%emt 0:00:00] Repels Bf7+} 16. Ne2 (16. Nh3 $16) 16... Rf8 $11 17. Rf1 Rxf1+ 18. Kxf1 c6 19. Kg1 {[%emt 0:00:23][%mdl 1024] White has compensation.} Nd7 20. Rf1 Nf6 21. h3 b5 $2 {[%emt 0:00:00] This costs Black the game.} (21... Rb8 $14) 22. Bg8 $18 {[%emt 0:03:18] [#] Hoping for dxe5.} Qg7 (22... exd4 $16 23. Nxd4 Bd7) 23. Be6 Qe7 24. Bxc8 Rxc8 25. Rf5 exd4 26. Nxd4 Nd5 $2 {[%emt 0:00:00] [#]} (26... Qd6 27. Rxg5 Rd8) 27. Nxc6 $1 {[%emt 0:00:29][%mdl 512] White is clearly winning.} Qc5 28. Nd4 (28. Rxd5 Qxe3+ 29. Kf1 Rxc6 30. Qxb5 Qc1+ 31. Kf2 Qc2+ 32. Kf1 Qc1+ 33. Kf2 Qc2+ 34. Kg1 Qc1+ 35. Kf2 $11) 28... Qxc3 29. Qxb5+ (29. Rxd5 Qe1+ 30. Kh2 Qg3+ 31. Kh1 Rc1+) ({Stronger than} 29. Qxd5 Qxe3+ 30. Kh2 (30. Kh1 $2 Rc1+) 30... Qg3+ 31. Kg1 Rc1+ (31... Qe3+ 32. Kh2 $11) 32. Rf1 Qe3+ 33. Kh2 Qg3+ (33... Rxf1 34. Qxb5+ Ke7 35. Qb7+ Kf6 36. Qc6+ Kg7 37. Qd7+ Kg8 38. Qe8+ Kg7 39. Qe7+ Kh6 40. Qe6+ Kh7 41. Qd7+ Kg8 42. Qe8+ Kg7 43. Qe5+ Kg8 44. Qe8+ $11) 34. Kg1 Qe3+ 35. Kh2 Qg3+ (35... Rxf1 36. Qxb5+ Ke7 37. Qe5+ Kf7 38. Qd5+ Kf8 39. Qd8+ Kg7 40. Qd7+ Kg6 41. Qe6+ Kg7 42. Qd7+ Kg6 43. Qc6+ Rf6 44. Qe8+ Rf7 45. Qg8+ Kf6 46. Qh8+ Ke7 47. Qe5+ Kf8 48. Qh8+ Ke7 49. Qe5+ Kf8 50. Qh8+ Ke7 $11) 36. Kg1 $11) 29... Ke7 30. Re5+ {[%emt 0:00:24] Weighted Error Value: White=0.20 (precise) /Black=0.41.  Mistake:       	White=3     	Black=5      Inaccurate:     	---       	Black=2      OK:         	White=11    	Black=6      Best:        	White=2     	Black=4      Brilliant:      	White=1     	---} (30. Rxd5 {is a self mate.} Qxe3+ 31. Kh2 Qf4+ (31... Qg3+ 32. Kg1 Qe3+ 33. Kh2 Qf4+ 34. g3 Qxg3+ 35. Kh1 Rc1+ 36. Qf1 Rxf1#) 32. g3 Qxg3+ (32... hxg3+ $2 {leads to mate.} 33. Kh1 Rc1+ 34. Kg2 Qf2#) 33. Kh1 Rc1+) 1-0

[Event "Charlotte Spring IM-B 2024"]
[Site "Charlotte"]
[Date "2024.03.29"]
[Round "4.5"]
[White "Lima, Darcy"]
[Black "Tang, Benjamin"]
[Result "1/2-1/2"]
[ECO "E97"]
[WhiteElo "2364"]
[BlackElo "2324"]
[Annotator "RC"]
[PlyCount "66"]
[EventDate "2024.03.27"]
[EventType "tourn"]
[EventCountry "USA"]
[SourceTitle "playchess.com"]
[Source "ChessBase"]
[SourceQuality "1"]
[TimeControl "5400+30"]

1. d4 Nf6 2. c4 g6 3. Nc3 Bg7 4. e4 d6 5. Be2 O-O 6. Nf3 e5 7. O-O Nc6 8. dxe5 dxe5 9. Bg5 Nd4 10. Nxe5 h6 11. Bh4 g5 12. Bg3 Re8 13. f4 gxf4 14. Bxf4 Nxe2+ 15. Qxe2 Qd4+ 16. Kh1 Rxe5 17. Rad1 Qc5 18. Bxe5 Qxe5 19. Rd8+ Kh7 20. Qd3 b6 21. Nd5 c6 22. Ne7 Ng4 23. g3 Bf5 24. Nxf5 Rxd8 25. Qxd8 Qxe4+ 26. Kg1 Qe2 27. Rf4 Qxh2+ 28. Kf1 Qh1+ 29. Ke2 Qg2+ 30. Kd1 Qg1+ 31. Kc2 Bf6 32. Qd7 Qg2+ 33. Kd1 Qg1+ 1/2-1/2

[Event "Charlotte Spring IM-B 2024"]
[Site "Charlotte"]
[Date "2024.03.30"]
[Round "5.1"]
[White "Tang, Benjamin"]
[Black "Diaz Charpentier, Kristel Meliss"]
[Result "1-0"]
[ECO "B76"]
[WhiteElo "2324"]
[BlackElo "1990"]
[Annotator "RC"]
[PlyCount "43"]
[EventDate "2024.03.27"]
[EventType "tourn"]
[EventCountry "USA"]
[SourceTitle "playchess.com"]
[Source "ChessBase"]
[SourceQuality "1"]
[TimeControl "5400+30"]

1. e4 c5 2. Nf3 d6 3. d4 cxd4 4. Nxd4 Nf6 5. Nc3 g6 6. Be3 Bg7 7. f3 O-O 8. Qd2 Nc6 9. O-O-O d5 10. Nxc6 bxc6 11. Bh6 Qa5 12. Bxg7 Kxg7 13. exd5 cxd5 14. g4 Be6 15. g5 Ne8 16. h4 Nd6 17. h5 Nf5 18. hxg6 fxg6 19. Bd3 Qb6 20. Qh2 Qe3+ 21. Kb1 Qxg5 22. Rdg1 1-0

[Event "Charlotte Spring IM-B 2024"]
[Site "Charlotte"]
[Date "2024.03.30"]
[Round "5.2"]
[White "Jiang, Andrew"]
[Black "Lima, Darcy"]
[Result "0-1"]
[ECO "C55"]
[WhiteElo "2181"]
[BlackElo "2364"]
[Annotator "RC"]
[PlyCount "48"]
[EventDate "2024.03.27"]
[EventType "tourn"]
[EventCountry "USA"]
[SourceTitle "playchess.com"]
[Source "ChessBase"]
[SourceQuality "1"]
[TimeControl "5400+30"]

1. e4 e5 2. Nf3 Nc6 3. Bc4 Nf6 4. d3 h6 5. a4 g6 6. O-O d6 7. c3 Bg7 8. b4 O-O 9. b5 Ne7 10. Re1 g5 11. Nbd2 Ng6 12. Nf1 c6 13. Ng3 g4 14. Nd2 d5 15. Bb3 Re8 16. Ndf1 Nh4 17. Be3 Be6 18. bxc6 bxc6 19. a5 Qc7 20. Qc1 Kh7 21. Bc2 dxe4 22. dxe4 c5 23. Nf5 Bxf5 24. exf5 Qc6 0-1

[Event "Charlotte Spring IM-B 2024"]
[Site "Charlotte"]
[Date "2024.03.30"]
[Round "5.3"]
[White "Chirilov, James A"]
[Black "Bregadze, Levan"]
[Result "0-1"]
[ECO "B32"]
[WhiteElo "2082"]
[BlackElo "2435"]
[Annotator "TA"]
[PlyCount "116"]
[EventDate "2024.03.27"]
[EventType "tourn"]
[EventCountry "USA"]
[SourceTitle "playchess.com"]
[Source "ChessBase"]
[SourceQuality "1"]
[TimeControl "5400+30"]

1. e4 c5 2. Nf3 Nc6 3. d4 cxd4 4. Nxd4 Qb6 5. Nb3 g6 6. Nc3 Bg7 7. Be3 Qb4 8. Bd2 {White is slightly better.} Bxc3 9. Bxc3 Qxe4+ 10. Be2 {[%cal Of2f3] Black must now prevent f3!} Nf6 $1 11. O-O O-O 12. Re1 Qf4 13. Bf3 {Against d5} d5 14. Nd4 ({Much worse is} 14. Bxd5 Ng4 15. h3 Qxf2+ 16. Kh1 Ne3 $17) 14... Nxd4 15. Qxd4 Qxd4 16. Bxd4 {This pair of bishops is nice.} Be6 17. Bxf6 exf6 18. Rad1 Rac8 19. c3 Rfd8 20. Rd4 Rd6 21. Re2 Rc4 22. Red2 Rb6 23. R4d3 {[#]} (23. Rxc4 $142 dxc4 24. g3) 23... d4 $1 $17 24. b3 Rxc3 25. Rxd4 Rc1+ 26. Rd1 Rxd1+ 27. Rxd1 {[%mdl 4096] Endgame. KRB-KRB} Ra6 28. Rd2 Ra3 29. Kf1 (29. Bxb7 Bxb3 30. Bd5 (30. Rd8+ $2 Kg7 $19) 30... Bxd5 31. Rxd5 Rxa2) 29... b5 30. Bd5 Bf5 31. b4 ({White should play} 31. Ke1) 31... Be6 32. Bxe6 fxe6 {KR-KR} 33. Rd6 Rxa2 34. Rxe6 Kf7 35. Rc6 g5 36. h3 (36. Rc5 $17) 36... h5 37. f4 $2 (37. g3) 37... gxf4 $19 38. Rc5 a6 39. Rxh5 Kg6 {Inhibits Rf5.} (39... Rb2 40. Rh7+ Kg6) 40. Rc5 $2 (40. Rh8) 40... Ra4 41. Rc6 Rxb4 {Strongly threatening ...a5.} 42. Rxa6 Rb2 (42... Rb1+ $142 43. Ke2 Kg5) 43. Rb6 $2 (43. Ra3) 43... b4 44. Rb5 b3 {...Rb1+ would now be deadly.} 45. Kg1 f5 46. Rb4 Kg5 47. Kf1 $2 {[#]} (47. h4+ Kg4 (47... Kxh4 $2 48. Rxf4+ Kg3 49. Rf3+ Kg4 50. Kf1 $19) 48. Kh2) 47... f3 $2 48. h4+ $2 (48. gxf3 $11 {and White has nothing to worry.} f4 49. Ke1) 48... Kh5 (48... Kh6 $19 49. gxf3 Kh5) 49. gxf3 $17 {[#]} f4 $1 {Black is more active.} 50. Kg1 $2 {[%mdl 8192] White does not recover from this.} (50. Ke1 $17) 50... Kxh4 {Black mates.} 51. Rxf4+ Kh3 52. Rb4 Rg2+ 53. Kf1 b2 54. f4 Kh2 55. f5 {[#]} b1=Q+ $1 56. Rxb1 Rg1+ 57. Kf2 Rxb1 58. Kf3 Rb4 {Weighted Error Value: White=0.82/Black=0.37.  Loses game:     	White=2     	---        Missed win:     	---       	Black=1      Mistake:       	White=6     	Black=2      Inaccurate:     	White=4     	Black=1      OK:         	White=13    	Black=15     Best:        	White=1     	Black=4      Strong:       	---       	Black=2      Brilliant:      	---       	Black=1} 0-1

[Event "Charlotte Spring IM-B 2024"]
[Site "Charlotte"]
[Date "2024.03.30"]
[Round "5.4"]
[White "Nandhakumar, Vaseegaran"]
[Black "Castillo Coca, Mairebis"]
[Result "1-0"]
[ECO "E65"]
[WhiteElo "2251"]
[BlackElo "2043"]
[Annotator "RC"]
[PlyCount "113"]
[EventDate "2024.03.27"]
[EventType "tourn"]
[EventCountry "USA"]
[SourceTitle "playchess.com"]
[Source "ChessBase"]
[SourceQuality "1"]
[TimeControl "5400+30"]

1. d4 d6 2. Nf3 g6 3. g3 Bg7 4. Bg2 Nf6 5. O-O O-O 6. b3 c5 7. Bb2 Qc7 8. c4 a6 9. Nc3 cxd4 10. Nxd4 Nc6 11. Rc1 Bd7 12. Nd5 Qd8 13. Nxc6 Bxc6 14. Nxf6+ Bxf6 15. Bxf6 exf6 16. Bxc6 bxc6 17. Qd4 Qe7 18. e3 Rfd8 19. Qb6 Qe4 20. Rfd1 Kg7 21. Rd4 Qf3 22. Rf4 Qh5 23. Qxc6 Qc5 24. Qd5 Rac8 25. Rd1 a5 26. Rfd4 Qa3 27. R4d2 a4 28. Qa5 Ra8 29. Qc3 axb3 30. axb3 Rab8 31. Rd3 h5 32. e4 Qc5 33. Rf3 Qe5 34. Qxe5 fxe5 35. Rd5 Kf8 36. Rfd3 Ke7 37. c5 f6 38. cxd6+ Kd7 39. Kf1 Rdc8 40. Rf3 Rf8 41. Ke1 Rb4 42. Rxe5 Kxd6 43. Rd5+ Ke6 44. Re3 Rxe4 45. Rxe4+ Kxd5 46. Re3 Ra8 47. Ke2 Ra2+ 48. Kf3 Rb2 49. h3 g5 50. Rd3+ Ke5 51. Rc3 g4+ 52. hxg4 hxg4+ 53. Kxg4 Rxf2 54. Re3+ Kd4 55. Rf3 Rb2 56. Kf5 Rg2 57. g4 1-0

[Event "Charlotte Spring IM-B 2024"]
[Site "Charlotte"]
[Date "2024.03.30"]
[Round "5.5"]
[White "Becerra Rivero, Julio"]
[Black "Narayanan, Samrug"]
[Result "1/2-1/2"]
[ECO "C67"]
[WhiteElo "2411"]
[BlackElo "2343"]
[Annotator "RC"]
[PlyCount "45"]
[EventDate "2024.03.27"]
[EventType "tourn"]
[EventCountry "USA"]
[SourceTitle "playchess.com"]
[Source "ChessBase"]
[SourceQuality "1"]
[TimeControl "5400+30"]

1. e4 e5 2. Nf3 Nc6 3. Bb5 Nf6 4. O-O Nxe4 5. d4 Nd6 6. Bxc6 dxc6 7. dxe5 Nf5 8. Qxd8+ Kxd8 9. Nc3 Ke8 10. h3 h5 11. b3 Be7 12. Rd1 Be6 13. Bf4 Rd8 14. Rxd8+ Bxd8 15. Rd1 h4 16. Ng5 Rh6 17. Nce4 Be7 18. Nxe6 Rxe6 19. Ng5 Rg6 20. Nf3 c5 21. c4 Ra6 22. Rd2 Nd4 23. Be3 1/2-1/2

[Event "Charlotte Spring IM-B 2024"]
[Site "Charlotte"]
[Date "2024.03.30"]
[Round "6.1"]
[White "Diaz Charpentier, Kristel Meliss"]
[Black "Narayanan, Samrug"]
[Result "0-1"]
[ECO "D38"]
[WhiteElo "1990"]
[BlackElo "2343"]
[Annotator "RC"]
[PlyCount "119"]
[EventDate "2024.03.27"]
[EventType "tourn"]
[EventCountry "USA"]
[SourceTitle "playchess.com"]
[Source "ChessBase"]
[SourceQuality "1"]
[TimeControl "5400+30"]

1. d4 d5 2. c4 e6 3. Nf3 Nf6 4. Nc3 Bb4 5. Bg5 h6 6. Bxf6 Qxf6 7. e3 O-O 8. a3 Bxc3+ 9. bxc3 c5 10. Be2 Nc6 11. O-O Rd8 12. Qc2 b6 13. Rfd1 cxd4 14. cxd4 dxc4 15. Qxc4 Bb7 16. Rac1 Rac8 17. Qa2 Qf5 18. h3 Na5 19. Qb2 Qd5 20. a4 Bc6 21. Ra1 Rc7 22. Bd3 Rdc8 23. e4 Qb3 24. Qe2 Bb7 25. Ne5 Qb4 26. d5 exd5 27. exd5 Bxd5 28. Bf5 Be6 29. Bxe6 fxe6 30. Ng6 Qc4 31. Qe5 Kh7 32. Nf4 Rc5 33. Qe3 e5 34. Nd3 R5c7 35. Nxe5 Qe6 36. Ra3 Rc5 37. Qe4+ Kg8 38. Re1 Nc4 39. Nxc4 Qxe4 40. Rxe4 Rxc4 41. Re7 R8c7 42. Rxc7 Rxc7 43. Kf1 Kf7 44. Ke2 Ke6 45. Kd3 Kd5 46. Rc3 Rxc3+ 47. Kxc3 Ke4 48. Kc4 a6 49. h4 h5 50. Kc3 b5 51. axb5 axb5 52. Kb4 Kd3 53. Kxb5 Ke2 54. f3 Kf2 55. g4 hxg4 56. fxg4 Kg3 57. h5 Kxg4 58. h6 gxh6 59. Kc4 Kf3 60. Kd4 0-1

[Event "Charlotte Spring IM-B 2024"]
[Site "Charlotte"]
[Date "2024.03.30"]
[Round "6.2"]
[White "Castillo Coca, Mairebis"]
[Black "Becerra Rivero, Julio"]
[Result "0-1"]
[ECO "B13"]
[WhiteElo "2043"]
[BlackElo "2411"]
[Annotator "TA"]
[PlyCount "64"]
[EventDate "2024.03.27"]
[EventType "tourn"]
[EventCountry "USA"]
[SourceTitle "playchess.com"]
[Source "ChessBase"]
[SourceQuality "1"]
[TimeControl "5400+30"]

1. d4 Nf6 2. Nc3 d5 3. Bf4 c5 4. e3 cxd4 5. exd4 Bg4 6. f3 Bd7 7. Qd2 e6 8. Nb5 {[%emt 0:00:30] The position is equal.} Bxb5 9. Bxb5+ Nc6 10. c3 Be7 11. Ne2 O-O 12. Bd3 Nd7 13. Bc2 Re8 14. Qd3 Nf8 15. h4 Rc8 16. h5 a6 17. a4 Na5 18. b3 Nc6 $1 19. Kf2 {[%emt 0:03:12] [#]} e5 $1 20. dxe5 Bc5+ 21. Kg3 (21. Kf1 $11) 21... Nxe5 $17 22. Qf5 (22. Qd2 $17) 22... Rc6 23. Bg5 $2 ({But not} 23. Bxe5 Rxe5 24. Qxe5 Bd6 $19) (23. Nd4 Bxd4 24. cxd4) 23... Qd6 {[%emt 0:00:00] ...g6 is the strong threat.} 24. Bf4 Qd8 25. Bg5 $1 {[%emt 0:00:02] A strong pair of Bishops.} (25. Bxe5 $2 Rxe5 26. Qxe5 Bd6 $19) 25... Be7 26. Bf4 $2 (26. f4 Ned7 27. Bd1) 26... Rf6 $19 27. Qh3 Bd6 28. Kf2 Qb6+ 29. Kf1 {[%emt 0:00:02] [#]} Nc4 $1 30. bxc4 {[%emt 0:04:12] Black must now prevent Bxd6.} Bxf4 31. Bd3 (31. Nxf4 {was the only chance.} Rxf4 32. h6) 31... Re3 (31... Qe3 $142 32. Rd1 Ne6 (32... dxc4 $2 33. Bxc4 Bc7 34. a5 $19)) 32. Rd1 {[%emt 0:01:01] [#]} (32. Qh4 Qc7 (32... Rxd3 $2 33. Nxf4 Qb2 34. Nxd3 $19) 33. Rd1) 32... Rxd3 $1 {[%emt 0:01:01][%mdl 512] Weighted Error Value: White=0.58/Black=0.66.  Loses game:     	White=1     	---        Mistake:       	White=5     	Black=1      Inaccurate:     	White=1     	Black=2      OK:         	White=8     	Black=7      Best:        	White=1     	Black=4      Strong:       	White=1     	Black=1      Brilliant:      	---       	Black=1} 0-1

[Event "Charlotte Spring IM-B 2024"]
[Site "Charlotte"]
[Date "2024.03.30"]
[Round "6.3"]
[White "Bregadze, Levan"]
[Black "Nandhakumar, Vaseegaran"]
[Result "1/2-1/2"]
[ECO "D91"]
[WhiteElo "2435"]
[BlackElo "2251"]
[Annotator "RC"]
[PlyCount "52"]
[EventDate "2024.03.27"]
[EventType "tourn"]
[EventCountry "USA"]
[SourceTitle "playchess.com"]
[Source "ChessBase"]
[SourceQuality "1"]
[TimeControl "5400+30"]

1. d4 Nf6 2. c4 g6 3. Nc3 d5 4. Nf3 Bg7 5. Bg5 dxc4 6. e3 O-O 7. Bxc4 c5 8. O-O cxd4 9. Nxd4 Qa5 10. Bxf6 exf6 11. Nd5 Nd7 12. Rc1 Ne5 13. Ne7+ Kh8 14. Nxc8 Nxc4 15. Rxc4 Raxc8 16. Rxc8 Rxc8 17. Qb3 Qc7 18. Rd1 a6 19. g3 f5 20. Ne2 Qe7 21. Nf4 b5 22. a4 bxa4 23. Qxa4 Bxb2 24. Qxa6 Rf8 25. Qb5 Bg7 26. Rd7 Qe5 1/2-1/2

[Event "Charlotte Spring IM-B 2024"]
[Site "Charlotte"]
[Date "2024.03.30"]
[Round "6.4"]
[White "Lima, Darcy"]
[Black "Chirilov, James A"]
[Result "1-0"]
[ECO "B07"]
[WhiteElo "2364"]
[BlackElo "2082"]
[Annotator "RC"]
[PlyCount "81"]
[EventDate "2024.03.27"]
[EventType "tourn"]
[EventCountry "USA"]
[SourceTitle "playchess.com"]
[Source "ChessBase"]
[SourceQuality "1"]
[TimeControl "5400+30"]

1. d4 Nf6 2. g3 g6 3. Bg2 Bg7 4. e4 d6 5. Ne2 O-O 6. O-O Nbd7 7. Nbc3 e5 8. h3 c6 9. a4 Re8 10. Be3 exd4 11. Bxd4 Qe7 12. g4 Nc5 13. Ng3 h6 14. Qd2 Be6 15. f4 Bc4 16. Rfe1 Ne6 17. Nf5 gxf5 18. exf5 Ne4 19. Rxe4 Bxd4+ 20. Kh2 Bxc3 21. bxc3 Bd5 22. Ree1 Bxg2 23. Kxg2 Qf6 24. fxe6 Rxe6 25. Rxe6 Qxe6 26. Re1 Qf6 27. Kg3 Rd8 28. Qd4 Qxd4 29. cxd4 Kf8 30. g5 hxg5 31. fxg5 d5 32. h4 b6 33. h5 a5 34. h6 b5 35. Ra1 Rb8 36. Rb1 Rb6 37. Kf4 Rb8 38. Kf5 b4 39. Re1 b3 40. Kf6 Rd8 41. cxb3 1-0

[Event "Charlotte Spring IM-B 2024"]
[Site "Charlotte"]
[Date "2024.03.30"]
[Round "6.5"]
[White "Tang, Benjamin"]
[Black "Jiang, Andrew"]
[Result "1-0"]
[ECO "C45"]
[WhiteElo "2324"]
[BlackElo "2181"]
[Annotator "RC"]
[PlyCount "57"]
[EventDate "2024.03.27"]
[EventType "tourn"]
[EventCountry "USA"]
[SourceTitle "playchess.com"]
[Source "ChessBase"]
[SourceQuality "1"]
[TimeControl "5400+30"]

1. e4 e5 2. Nf3 Nc6 3. d4 exd4 4. Nxd4 Bc5 5. Nb3 Bb6 6. Qe2 Nf6 7. e5 Nd5 8. c4 Nde7 9. c5 Ba5+ 10. Nxa5 Nxa5 11. Nc3 O-O 12. Bg5 h6 13. Bh4 Qe8 14. O-O-O Nf5 15. Bg3 Nc6 16. Bf4 Qe7 17. Qe4 Nh4 18. b4 f5 19. Qc4+ Kh8 20. Nd5 Qd8 21. e6 b5 22. Qxb5 Ng6 23. Bxc7 Qh4 24. Bd6 Rg8 25. Qc4 Qxc4+ 26. Bxc4 dxe6 27. Nc7 Rb8 28. a3 a5 29. Nxe6 1-0

[Event "Charlotte Spring IM-B 2024"]
[Site "Charlotte"]
[Date "2024.03.30"]
[Round "7.1"]
[White "Jiang, Andrew"]
[Black "Diaz Charpentier, Kristel Meliss"]
[Result "1-0"]
[ECO "B22"]
[WhiteElo "2181"]
[BlackElo "1990"]
[Annotator "RC"]
[PlyCount "57"]
[EventDate "2024.03.27"]
[EventType "tourn"]
[EventCountry "USA"]
[SourceTitle "playchess.com"]
[Source "ChessBase"]
[SourceQuality "1"]
[TimeControl "5400+30"]

1. e4 c5 2. c3 d5 3. exd5 Qxd5 4. d4 Nf6 5. Nf3 Bg4 6. dxc5 Qxd1+ 7. Kxd1 Bxf3+ 8. gxf3 e6 9. b4 a5 10. a3 Nc6 11. Bb2 O-O-O+ 12. Kc2 Ne5 13. Nd2 Nh5 14. Nb3 Nf4 15. Nxa5 Nxf3 16. Nc4 Be7 17. a4 Bh4 18. Nd6+ Kc7 19. Bc1 g5 20. Nxf7 Rhf8 21. Nxd8 Rxd8 22. Bxf4+ gxf4 23. Rd1 Rg8 24. Be2 Rg2 25. Bxf3 Rxf2+ 26. Kb3 Rxf3 27. Rhf1 Rxf1 28. Rxf1 e5 29. Kc4 1-0